 Dungeon Crawl Stone Soup version 0.31.0-12-g77e489cdc1 (webtiles) character file.

Game seed: 16334605851881423644

81 lordive the Changeling (level 4, -2/32 HPs)
             Began as a Merfolk Shapeshifter on Feb 28, 2024.
             Slain by a gnoll
             ... wielding a +0 spear
              (5 damage)
             ... on level 2 of the Dungeon.
             The game lasted 00:01:33 (1067 turns).

lordive the Changeling (Merfolk Shapeshifter)       Turns: 1067, Time: 00:01:34

Health: -2/32      AC:  2    Str: 14    XL:     4   Next: 42%
Magic:  4/4        EV: 13    Int: 11    God:
Gold:   41         SH:  0    Dex: 13    Spells: 3/3 levels left

rFire   . .          .
                       - Unarmed
rCold   . . .        (no shield)
rNeg    . . .        a - +0 animal skin
rPois   .            (helmet currently unavailable)
rElec   .            (cloak currently unavailable)
rCorr   .            (gloves currently unavailable)
SInv    .            (boots currently unavailable)
Will    .....        (no amulet)
Stlth   +            (no ring)
HPRegen 0.25/turn    (no ring)
MPRegen 0.09/turn

%: no passive effects
@: beast-form
A: beast (slay +2), (nimble swimmer 2), mertail
a: Begin Untransformation


You were on level 2 of the Dungeon.
You were a hulking beast.
You visited 1 branch of the dungeon, and saw 2 of its levels.

You collected 41 gold pieces.

Inventory:

Armour
 a - a +0 animal skin (worn)
Talismans
 c - a beast talisman (active)
 d - a flux talisman
Scrolls
 f - a scroll of immolation {unknown}
 h - a scroll of poison {unknown}
 k - a scroll of identify {unknown}
Potions
 b - a potion of lignification
 e - 2 potions of curing {unknown}
 g - a potion of attraction {unknown}
 i - a potion of mutation {unknown}
 j - a potion of berserk rage {unknown}
 l - a potion of might {unknown}


   Skills:
 + Level 1.2 Fighting
 + Level 3.6 Dodging
 + Level 4.4 Unarmed Combat
 + Level 4.9 Shapeshifting


You had 3 spell levels left.
You didn't know any spells.
Your spell library was empty.

Dungeon Overview and Level Annotations

Branches:
Dungeon (2/15)

Altars:


Innate Abilities, Weirdness & Mutations

You are a hulking beast.
Your limbs bulge with bestial killing power. (Slay +2)
((You are very nimble when in or above water. (Stealth+, EV+, Speed+++)))
Your lower body shifts to a powerful aquatic tail in water.


Message History

Found 9 gold pieces.
The kobold shouts!
The gnoll shouts! x2; You hear a shout!
A gnoll comes into view. It is wielding a +0 spear.
There are monsters nearby!
There are monsters nearby!
Found a ring mail.
The gnoll hits you from afar with a +0 spear.
The kobold throws a stone.
The stone barely misses you. The gnoll misses you.
The gnoll hits you from afar with a +0 spear.
You punch the gnoll!
The gnoll is heavily wounded.
The gnoll hits you with a +4 flail!
You hit the gnoll.
The gnoll is severely wounded.
The gnoll barely misses you.
You closely miss the gnoll.
The gnoll is severely wounded.
The gnoll misses you.
You barely miss the gnoll.
The gnoll is severely wounded.
The gnoll hits you with a +4 flail.
You hit the gnoll.
The gnoll is almost dead.
You closely miss the gnoll.
The gnoll is almost dead.
The gnoll closely misses you.
You hit the gnoll.
You kill the gnoll!
You hit the kobold.
You kill the kobold!
You punch the gnoll!
The gnoll is heavily wounded.
The gnoll closely misses you.
You hit the gnoll.
You kill the gnoll!
The gnoll hits you from afar with a +0 spear!
* * * LOW HITPOINT WARNING * * *
The gnoll hits you with a +0 spear.
You die...

####.....###
...#.###...# #...
###.## ###..#####..#
## ............####.
..# #..............
...#
##.....††...##...$.#
#......†...##.....#
#..........hg.....#
#>.........##.....#
#..........# ....#
##........## ...#
##........## .[#
#..........# ##
#..........#
#..........#
#..........#


You could see a gnoll.

Vanquished Creatures
  2 gnolls (D:2)
  An adder (D:2)
  4 dart slugs
  3 bats (D:1)
  4 endoplasms
  3 giant cockroaches (D:1)
  4 goblins (D:1)
  4 hobgoblins (D:1)
  3 jackals (D:1)
  2 quokkas
  3 ball pythons (D:1)
  4 frilled lizards (D:1)
  3 kobolds
  4 rats
44 creatures vanquished.

Notes
Turn   | Place    | Note
-------+----------+-------------------------------------------
     0 | D:1      | lordive the Merfolk Shapeshifter began the quest for the
                  | Orb.
     0 | D:1      | Reached XP level 1. HP: 15/15 MP: 1/1
    70 | D:1      | Reached XP level 2. HP: 21/21 MP: 2/2
   333 | D:1      | Reached XP level 3. HP: 26/26 MP: 3/3
   696 | D:1      | Found a faded altar of an unknown god.
   919 | D:2      | Reached XP level 4. HP: 8/32 MP: 4/4
  1067 | D:2      | Slain by a gnoll

Illustrated notes

Levels and vault maps discovered:
D:1:      dpeg_arrival_lava_temple_mockup, layout_basic,
          hellmonk_ecumenical_altar_prayer_group
D:2:      layout_rooms, basic_altar, minmay_tiny_reverse_x

Skill      XL: |  1  2  3 |
---------------+----------+-----
Dodging        | 3 |  3.6
Unarmed Combat | 4 |  4.4
Fighting       | |  1.2
Shapeshifting  | |  4.9

Action                     |  1- 3 |  4- 6 || total
---------------------------+-------+-------++-------
  Melee: Unarmed           |   109 |    19 ||   128
         Punch             |     1 |     1 ||     2
   Stab: Sleeping          |     3 |       ||     3
 Armour: Animal skin       |    52 |     9 ||    61
  Dodge: Dodged            |    74 |    13 ||    87
   Form: Beast             |     1 |       ||     1
